 Dungeon Crawl Stone Soup version 0.20-a0-601-g29d1f57 (webtiles) character file.

2987 AlphabetPasta the Grasshopper (level 9, -23/59 HPs)
             Began as an Octopode Warper on Feb 7, 2017.
             Was a Follower of Ashenzari.
             Annihilated by a two-headed ogre
             ... wielding a +0 giant club
              (27 damage)
             ... on level 8 of the Dungeon.
             The game lasted 00:33:57 (8595 turns).

AlphabetPasta the Grasshopper (Octopode Warper)     Turns: 8595, Time: 00:33:57

Health: -23/59     AC:  8    Str: 15    XL:     9   Next: 83%
Magic:  14/15      EV: 15    Int: 16    God:    Ashenzari [*.....]
Gold:   376        SH:  0    Dex: 14    Spells: 5/17 levels left

rFire    . . .     SeeInvis .   a - +1 long sword (protect)
rCold    + . .     Gourm    .   (no shield)
rNeg     . . .     Faith    .   (helmet restricted)
rPois    +         Spirit   .   (no amulet)
rElec    .         Reflect  .   p - ring of resist corrosion
rCorr    +         Harm     .   u - ring of poison resistance (curse)
MR       .....                  G - ring of protection from cold (curse)
Stlth    ++........             (no ring)
Regen    0.2/turn               (no ring)
                                (no ring)
                                (no ring)
                                (no ring)

@: mighty, protection aura
A: almost no armour, stealthy swim, amphibious, 8 rings, constrict 8, camouflage
1, gelatinous body 1
a: Curse Item, Scrying, Renounce Religion


You were on level 8 of the Dungeon.
You worshipped Ashenzari.
Ashenzari was aware of your devotion.
You were hungry.

You visited 2 branches of the dungeon, and saw 9 of its levels.

You collected 376 gold pieces.

Inventory:

Hand Weapons
 a - a +1 long sword of protection (weapon)
 j - a +1 falchion
Missiles
 d - 5 tomahawks of dispersal (quivered)
 t - 7 throwing nets
 w - 6 poisoned tomahawks
Armour
 H - a +0 shield
Jewellery
 p - a ring of resist corrosion (left tentacle)
 u - a cursed ring of poison resistance (right tentacle)
 G - a cursed ring of protection from cold (on tentacle)
Wands
 x - a wand of flame (21/48)
 z - a wand of lightning (0/15)
 F - a wand of lightning (0/15)
Scrolls
 c - 2 scrolls of blinking
 e - 3 scrolls of enchant armour
 o - a scroll of fear
 q - 2 scrolls of magic mapping
 y - a scroll of recharging
 B - a scroll of enchant weapon
 D - 4 scrolls of teleportation
Potions
 g - a potion of might
 k - 2 potions of curing
 n - 2 potions of beneficial mutation {unknown}
 r - a potion of degeneration {unknown}
 s - 2 potions of flight {unknown}
 v - a potion of brilliance {unknown}
 A - 2 potions of heal wounds {unknown}
 E - 2 potions of haste {unknown}
 I - 3 potions of cancellation
Books
 b - a book of Spatial Translocations

   Spells                             Type                      Level
   a - Blink                          Translocation                2
   b - Shroud of Golubria             Charms/Translocation         2
   c - Lesser Beckoning               Translocation                3
   d - Portal Projectile              Translocation                3
   e - Teleport Other                 Translocation                3
   f - Passage of Golubria            Translocation                4
 C - a book of Cantrips

   Spells                             Type                      Level
   a - Confusing Touch                Hexes                        1
   b - Animate Skeleton               Necromancy                   1
   c - Summon Small Mammal            Summoning                    1
   d - Apportation                    Translocation                1
Comestibles
 f - 4 bread rations
 i - 2 meat rations
 l - 5 royal jellies
 m - 11 fruits


   Skills:
 + Level 4.7 Fighting
 * Level 6.9 Long Blades
 + Level 4.6 Throwing
 + Level 4.8 Dodging
 + Level 2.4 Shields
 + Level 4.5 Spellcasting
 * Level 7.4 Translocations


You had 5 spell levels left.
You knew the following spells:

 Your Spells              Type           Power        Failure   Level  Hunger
a - Blink                 Tloc           N/A          1%          2    ##.....
b - Shroud of Golubria    Chrm/Tloc      ###.......   8%          2    ##.....
c - Lesser Beckoning      Tloc           ####......   1%          3    ###....
d - Portal Projectile     Tloc           ####..       1%          3    ###....
e - Apportation           Tloc           ####..       1%          1    None
f - Confusing Touch       Hex            #.....       17%         1    None


Dungeon Overview and Level Annotations

Branches:
Dungeon (8/15)             Temple (1/1) D:6
   Lair: D:8-11

Altars:
Ashenzari
Cheibriados
Elyvilon
Fedhas
Gozag
Hepliaklqana
Kikubaaqudgha
Makhleb
Nemelex Xobeh
Okawaru
Qazlal
Ru
Sif Muna
Trog
Uskayaw
Vehumet
Xom
Yredelemnul
Zin
The Shining One


Innate Abilities, Weirdness & Mutations

You cannot wear most types of armour.
You are very stealthy in the water. (Stealth+)
You are amphibious.
You can wear up to eight rings at the same time.
You can use your tentacles to constrict eight enemies at once.
Your skin changes colour to match your surroundings (Stealth+).
Your rubbery body absorbs attacks. (AC +1, EV +1)


Message History

You squeeze the two-headed ogre!
The two-headed ogre is heavily wounded.
You slash the two-headed ogre! You squeeze the two-headed ogre!
The two-headed ogre is almost dead.
The two-headed ogre barely misses you. The two-headed ogre closely misses you.
You barely miss the two-headed ogre.
Your squeeze misses the two-headed ogre.
The two-headed ogre is almost dead.
The two-headed ogre barely misses you.
The two-headed ogre hits you with a giant club.
You barely miss the two-headed ogre.
The two-headed ogre is almost dead.
The two-headed ogre hits you with a giant club!
* * * LOW HITPOINT WARNING * * *
The two-headed ogre misses you.
Okay, then.
You barely miss the two-headed ogre.
The two-headed ogre is almost dead.
The two-headed ogre hits you with a giant club!!
You die...

#.....#
#...#..#
#######
#..###.#
########..#..#
........#...##
#..####.##.##
###.##.#
...##.#
#.##.##.#
#...$O@.#
......####
.####.#


You could see a two-headed ogre.

Vanquished Creatures
  Pikel (D:6)
  A hippogriff (D:7)
  3 sky beasts
  An ice beast (D:8)
  A phantom (D:7)
  2 ogres
  A gnoll sergeant (D:6)
  2 bullfrogs
  A wyvern zombie (D:5)
  A scorpion (D:4)
  2 howler monkeys
  2 crimson imps
  2 jellies
  2 gnoll shamans (D:6)
  7 orc priests
  2 iguanas
  7 orc wizards
  Ijyb (D:2)
  A bullfrog skeleton (D:6)
  6 worker ants
  A killer bee zombie (D:6)
  A hound skeleton (D:5)
  35 gnolls
  6 adders
  An adder skeleton (D:6)
  3 worms
  A dart slug (D:2)
  5 leopard geckos
  20 orcs
  4 bats
  7 giant cockroaches
  3 goblins
  11 hobgoblins
  17 jackals
  3 quokkas
  3 frilled lizards
  4 kobolds (D:1)
  A leopard gecko zombie (D:6)
  A quokka skeleton (D:4)
  5 rats
178 creatures vanquished.

Vanquished Creatures (others)
  4 slaves (D:6)
  9 gnolls (D:6)
  An orc (D:5)
  3 jackals (D:6)
17 creatures vanquished.

Grand Total: 195 creatures vanquished

Notes
Turn   | Place    | Note
-------+----------+-------------------------------------------
     0 | D:1      | AlphabetPasta the Octopode Warper began the quest for the Orb.
     0 | D:1      | Reached XP level 1. HP: 14/14 MP: 3/3
   342 | D:1      | Reached XP level 2. HP: 19/19 MP: 5/5
   349 | D:1      | Learned a level 2 spell: Blink
   352 | D:1      | Learned a level 2 spell: Shroud of Golubria
  1023 | D:2      | Noticed Ijyb
  1135 | D:2      | Killed Ijyb
  1135 | D:2      | Reached XP level 3. HP: 8/25 MP: 4/6
  1563 | D:2      | Reached XP level 4. HP: 30/30 MP: 7/7
  2395 | D:3      | Found a sacrificial altar of Ru.
  2455 | D:3      | Reached XP level 5. HP: 34/35 MP: 8/8
  2725 | D:3      | Reached skill level 4 in Translocations
  3269 | D:4      | Reached XP level 6. HP: 41/41 MP: 6/9
  3449 | D:4      | Learned a level 3 spell: Lesser Beckoning
  3453 | D:4      | Learned a level 3 spell: Portal Projectile
  3896 | D:4      | Reached XP level 7. HP: 39/46 MP: 11/11
  4103 | D:5      | Entered Level 5 of the Dungeon
  4246 | D:5      | Learned a level 1 spell: Apportation
  4301 | D:5      | Reached skill level 5 in Translocations
  5334 | D:6      | Reached XP level 8. HP: 15/52 MP: 12/12
  5555 | D:5      | Reached skill level 5 in Long Blades
  5878 | D:6      | Noticed Pikel
  5890 | D:6      | Killed Pikel
  5890 | D:6      | Reached skill level 6 in Translocations
  6250 | D:6      | Found a staircase to the Ecumenical Temple.
  6259 | Temple   | Entered the Ecumenical Temple
  6526 | D:6      | Found a hide-covered altar of Uskayaw.
  6527 | D:6      | Found a shattered altar of Ashenzari.
  6528 | D:6      | Found an ancient bone altar of Kikubaaqudgha.
  6529 | D:6      | Found a radiant altar of Vehumet.
  6535 | D:6      | Became a worshipper of Ashenzari the Shackled
  6621 | D:6      | Reached XP level 9. HP: 35/58 MP: 14/14
  6930 | D:6      | Reached skill level 1 in Shields
  7825 | D:7      | Reached skill level 7 in Translocations
  7878 | D:7      | Learned a level 1 spell: Confusing Touch
  8580 | D:8      | Reached * piety under Ashenzari
  8581 | D:8      | Noticed a two-headed ogre
  8595 | D:8      | Annihilated by a two-headed ogre

Vault maps used:
D:1:      dpeg_arrival_round_b, minmay_strange_pillars
D:2:      first_bread, corner_web_ring, columned_hall_lemuel, uniq_iyjb
D:3:      nicolae_ru_the_path_less_chosen
D:6:      lemuel_castle_with_subvaults,
          chequers_temple_overflow_statue_of_worship,
          minmay_temple_entry_large_hall, uniq_pikel
D:7:      minmay_misc_feat_nine_boxes
D:8:      lemuel_coloured_pillars_altar, grunt_ministairs_8
Temple:   eino_temple_rhombus

Skill      XL: |  1  2  3  4  5  6  7  8  9 |
---------------+----------------------------+-----
Long Blades    | 3 4 5 6 |  6.9
Throwing       | 2 3 4 |  4.6
Translocations | 4 5 6 7 |  7.4
Fighting       | 3 4 |  4.7
Dodging        | 3 4 |  4.8
Spellcasting   | 3 4 |  4.5
Shields        | 2 |  2.4

Action                   |  1- 3 |  4- 6 |  7- 9 || total
-------------------------+-------+-------+-------++-------
Melee: Falchion          |    60 |    23 |       ||    83
       Constrict         |    14 |    30 |    80 ||   124
       Tentacles         |    11 |    21 |    83 ||   115
       Long sword        |       |    93 |   321 ||   414
 Cast: Shroud of Golubri |     6 |    15 |    28 ||    49
       Blink             |       |       |     2 ||     2
       Confusing Touch   |       |       |     2 ||     2
Invok: Curse Item        |       |       |     2 ||     2
Evoke: Wand              |       |       |     6 ||     6
  Use: Scroll            |     6 |     6 |     3 ||    15
       Potion            |       |     1 |     2 ||     3
 Stab: Sleeping          |     4 |     5 |     5 ||    14
       Distracted        |       |       |     2 ||     2
  Eat: Meat ration       |     1 |       |       ||     1
       Chunk             |       |     6 |    14 ||    20
       Royal jelly       |       |       |     1 ||     1
Armor: Skin              |     4 |    13 |    75 ||    92
Dodge: Dodged            |    35 |    92 |   204 ||   331
       Rpst.: Falchion   |     8 |     6 |       ||    14
       Long sword        |       |    26 |    53 ||    79
